 Dungeon Crawl Stone Soup version 0.24.0-37-gcf1ca852f1 (webtiles) character file.

Game seed: 743676961542002085, levelgen mode: deterministic

41 DrKleor the Skirmisher (level 3, 0/30 HPs)
             Began as a Demonspawn Fighter on Nov 27, 2019.
             Succumbed to an adder's poison
             ... on level 2 of the Dungeon.
             The game lasted 00:02:11 (1409 turns).

DrKleor the Skirmisher (Demonspawn Fighter)         Turns: 1409, Time: 00:02:12

Health: 0/30       AC:  6    Str: 17    XL:     3   Next: 32%
Magic:  1/3        EV:  7    Int:  9    God:
Gold:   73         SH:  9    Dex: 12    Spells: 2/2 levels left

rFire    . . .     SeeInvis .     - Unarmed
rCold    . . .     Gourm    .   b - +0 shield
rNeg     . . .     Faith    .   a - +0 scale mail
rPois    .         Spirit   +   (no helmet)
rElec    .         Reflect  .   (no cloak)
rCorr    .         Harm     .   (no gloves)
MR       .....                  (no boots)
Stlth    ..........             (no amulet)
HPRegen  0.10/turn              e - ring of attention (curse)
MPRegen  0.08/turn              (no ring)

@: lethally poisoned (0 -> -4)
A: magic shield
a: no special abilities


You were on level 2 of the Dungeon.
You were hungry.

You visited 1 branch of the dungeon, and saw 2 of its levels.

You collected 73 gold pieces.

Inventory:

Armour
 a - a +0 scale mail (worn)
 b - a +0 shield (worn)
Jewellery
 e - a cursed ring of attention (left hand)
 i - an uncursed ring of see invisible {unknown}
Scrolls
 f - 2 scrolls of noise {unknown}
 k - a scroll of identify {unknown}
 l - a scroll of teleportation {unknown}
 n - a scroll of enchant weapon {unknown}
Potions
 c - a potion of might
 g - a potion of brilliance {unknown}
 h - a potion of agility {unknown}
 j - 2 potions of cancellation {unknown}
 m - a potion of heal wounds {unknown}
Comestibles
 d - 6 rations


   Skills:
 + Level 3.6 Fighting
 - Level 2.6 Armour
 + Level 0.1 Dodging
 + Level 3.5 Shields
 - Level 1.7 Unarmed Combat


You had 2 spell levels left.
You didn't know any spells.
Your spell library was empty.

Dungeon Overview and Level Annotations

Branches:
Dungeon (2/15)

Altars:
Nemelex Xobeh
The Shining One


Innate Abilities, Weirdness & Mutations

When hurt, damage is shared between your health and your magic reserves.


Message History

The hobgoblin barely misses you.
You hit the hobgoblin.
The hobgoblin is moderately wounded.
You block the hobgoblin's attack.
You hit the hobgoblin.
The hobgoblin is heavily wounded.
* * * LOW HITPOINT WARNING * * *
You feel sick. You block the hobgoblin's attack.
A rat comes into view.
You hit the hobgoblin but do no damage.
The hobgoblin is heavily wounded.
The hobgoblin hits you with a +0 whip.
* * * LOW HITPOINT WARNING * * *
You hit the hobgoblin but do no damage.
The hobgoblin is heavily wounded.
The hobgoblin hits you with a +0 whip.
* * * LOW HITPOINT WARNING * * *
You hit the hobgoblin but do no damage.
The hobgoblin is heavily wounded.
You die...

#.# ...
+......... #.#
.# #...).....
#.# #.........
#.# #.........
#.# #.........
#.# #.........
#.# ###########
#.#######'#####
#
#...@gr....[...
#######........
#........
#........
#........
#......).
#.....(..
#........


You could see a hobgoblin and a rat.

Vanquished Creatures
  An adder (D:2)
  2 oozes (D:2)
  A leopard gecko (D:1)
  A giant cockroach (D:1)
  3 goblins
  3 hobgoblins
  3 kobolds (D:1)
  3 bats
  4 frilled lizards
  4 rats
25 creatures vanquished.

Notes
Turn   | Place    | Note
-------+----------+-------------------------------------------
     0 | D:1      | DrKleor the Demonspawn Fighter began the quest for the Orb.
     0 | D:1      | Reached XP level 1. HP: 18/18 MP: 1/1
   456 | D:1      | Gained mutation: When hurt, damage is shared between your
                  | health and your magic reserves. [demonic ancestry]
   456 | D:1      | Reached XP level 2. HP: 24/24 MP: 2/2
   720 | D:1      | Found a glowing golden altar of the Shining One.
  1106 | D:2      | Reached XP level 3. HP: 19/29 MP: 1/3
  1325 | D:2      | Found a sparkling altar of Nemelex Xobeh.
  1408 | D:2      | HP: 1/30 [hobgoblin/+0 whip (1)]
  1409 | D:2      | Succumbed to an adder's poison

Levels and vault maps discovered:
D:1:      minmay_arrival_arboretum_small, layout_loops_ring, tso_altar
D:2:      layout_basic, nemelex_xobeh_ov_fountains_minmay

Skill      XL: |  1 |
---------------+----+-----
Shields        | 3 |  3.5
Fighting       | |  3.6
Armour         | |  2.6
Dodging        | |  0.1
Unarmed Combat | |  1.7

Action                   || total
-------------------------++-------
Melee: Unarmed           ||   122
  Eat: Chunk             ||     1
Armor: Scale mail        ||    41
Dodge: Dodged            ||    24
Block: Shield            ||    50
